 Dungeon Crawl Stone Soup version 0.24.1-14-gf8d2b509d9 (webtiles) character file.

Game seed: 259547593647723719, levelgen mode: deterministic

264051 Gruesph the Scorcher (level 19, -7/121 HPs)
             Began as a Deep Elf Fire Elementalist on May 23, 2020.
             Was the Champion of Vehumet.
             Shot with a bolt by a yaktaur captain (21 damage)
             ... on level 2 of the Vaults on May 26, 2020.
             The game lasted 04:42:59 (53706 turns).

Gruesph the Scorcher (Deep Elf Fire Elementalist)  Turns: 53706, Time: 04:43:00

Health: -7/121     AC:  5    Str:  5    XL:     19   Next: 26%
Magic:  4/54       EV: 25    Int: 31    God:    Vehumet [******]
Gold:   646        SH:  8    Dex: 19    Spells: 4/58 levels left

rFire    . . .     SeeInvis +   a - staff of energy
rCold    + . .     Gourm    .   q - +2 buckler of Generosity {*Contam +Inv rPois Stlth+}
rNeg     . . .     Faith    .   U - +2 robe {MR+}
rPois    +         Spirit   .   E - +0 helmet
rElec    .         Reflect  .   O - scarf {cloud immunity}
rCorr    .         Harm     .   X - -2 pair of gloves of the Maze {Int+2 Dex+4 SInv}
MR       ++...                  B - +0 pair of boots
Stlth    ++++......             Q - amulet of magic regeneration
HPRegen  0.30/turn              Z - ring of magical power
MPRegen  0.59/turn              x - ring of protection from cold

@: no status effects
A: no striking features
}: 2/15 runes: barnacled, gossamer
a: Renounce Religion, Evoke Invisibility


You were on level 2 of the Vaults.
You worshipped Vehumet.
Vehumet was exalted by your worship.
You were not hungry.

You visited 8 branches of the dungeon, and saw 35 of its levels.
You also visited: Sewer.

You collected 3080 gold pieces.
You spent 2434 gold pieces at shops.

Inventory:

Hand Weapons
 b - the +1 spear "Elf's Doom" {pierce, rElec}
   (You found it on level 1 of the Vaults)

   It inflicts extra damage upon your enemies.
   It insulates you from electricity.
Missiles
 l - 503 arrows
 L - 5 throwing nets (quivered)
Armour
 k - a +2 robe of fire resistance
 q - the +2 buckler of Generosity (worn) {*Contam +Inv rPois Stlth+}
   (You bought it in a shop on level 14 of the Dungeon)

   It protects you from poison.
   It lets you turn invisible.
   It causes magical contamination when unequipped.
   It makes you more stealthy.
 B - a +0 pair of boots (worn)
 E - a +0 helmet (worn)
 O - a scarf of cloud immunity (worn)
 U - a +2 robe of magic resistance (worn)
 X - the -2 pair of gloves of the Maze (worn) {Int+2 Dex+4 SInv}
   (You found it on level 4 of the Lair of Beasts)

   It affects your intelligence (+2).
   It affects your dexterity (+4).
   It lets you see invisible.
Magical Staves
 a - an uncursed staff of energy (weapon)
Jewellery
 x - a ring of protection from cold (right hand)
 Q - an amulet of magic regeneration (around neck)
 Z - a ring of magical power (left hand)
Wands
 d - a wand of digging (11)
 t - a wand of scattershot (4)
 y - a wand of acid (27)
 C - a wand of iceblast (26)
 G - a wand of enslavement (24)
 K - a wand of paralysis (21)
 Y - a wand of clouds (2)
Scrolls
 g - 2 scrolls of silence
 i - 5 scrolls of identify
 n - 6 scrolls of teleportation
 r - 8 scrolls of remove curse
 w - 3 scrolls of fog
 A - 4 scrolls of magic mapping
 D - a scroll of blinking
 I - 4 scrolls of immolation
 J - 3 scrolls of torment
 P - 2 scrolls of enchant armour
 R - 5 scrolls of amnesia
 T - 5 scrolls of enchant weapon
Potions
 c - 11 potions of curing
 e - 4 potions of invisibility
 h - 4 potions of heal wounds
 j - 5 potions of lignification
 m - a potion of agility
 o - 4 potions of mutation
 p - 5 potions of cancellation
 s - 2 potions of resistance
 u - 8 potions of might
 v - 5 potions of flight
 z - a potion of magic
 F - 2 potions of haste
 S - a potion of brilliance
 V - a potion of ambrosia
Miscellaneous
 M - 2 phantom mirrors
 N - 3 sacks of spiders
 W - a phial of floods
Comestibles
 f - 19 rations


   Skills:
 + Level 14.0 Fighting
 - Level 15.0 Dodging
 - Level 3.0 Stealth
 - Level 4.0 Shields
 - Level 20.0 Spellcasting
 - Level 10.0 Conjurations
 - Level 5.0 Charms
 - Level 5.0 Summonings
 - Level 5.0 Necromancy
 - Level 5.1 Transmutations
 - Level 20.0 Fire Magic
 - Level 5.0 Air Magic
 - Level 10.0 Earth Magic
 - Level 5.0 Evocations


You had 4 spell levels left.
You knew the following spells:

 Your Spells              Type           Power        Failure   Level  Hunger
a - Ignition              Fire           ########..   1%          8    None
b - Conjure Flame         Conj/Fire      #######.     0%          3    None
c - Fireball              Conj/Fire      #######...   1%          5    None
d - Sticky Flame          Conj/Fire      #######.     1%          4    None
e - Magic Dart            Conj           ####         0%          1    None
f - Iskenderun's Battles  Conj/Chrm      ######..     1%          5    None
g - Bolt of Fire          Conj/Fire      #######...   1%          6    None
i - Swiftness             Chrm/Air       ######..     1%          2    None
l - Summon Lightning Spi  Summ/Air       ######..     1%          4    None
m - Mephitic Cloud        Conj/Pois/Air  ######..     1%          3    None
o - Iron Shot             Conj/Erth      #######...   1%          6    None
r - Regeneration          Chrm/Necr      ######....   1%          3    None
s - Sticks to Snakes      Tmut           ######..     1%          2    None
z - Blink                 Tloc           N/A          1%          2    None

Your spell library contained the following spells:

 Spells                   Type           Power        Failure   Level  Hunger
 Fire Storm               Conj/Fire      #######...   50%         9    None
 Shatter                  Erth           #######...   98%         9    None
 Flame Tongue             Conj/Fire      #####        0%          1    None
 Throw Flame              Conj/Fire      ######       0%          2    None
 Animate Skeleton         Necr           N/A          1%          1    None
 Beastly Appendage        Tmut           ######       1%          1    None
 Confusing Touch          Hex            ####..       1%          1    None
 Pain                     Necr           ####         1%          1    None
 Shock                    Conj/Air       ####         1%          1    None
 Summon Small Mammal      Summ           ####         1%          1    None
 Call Imp                 Summ           ######..     1%          2    None
 Corpse Rot               Necr           N/A          1%          2    None
 Slow                     Hex            ####....     1%          2    None
 Sublimation of Blood     Necr           ######....   1%          2    None
 Call Canine Familiar     Summ           ######..     1%          3    None
 Inner Flame              Hex/Fire       #######.     1%          3    None
 Recall                   Summ/Tloc      N/A          1%          3    None
 Spider Form              Tmut/Pois      #####.....   1%          3    None
 Static Discharge         Conj/Air       ######..     1%          3    None
 Stone Arrow              Conj/Erth      ######       1%          3    None
 Summon Guardian Golem    Hex/Summ       #####...     1%          3    None
 Vampiric Draining        Necr           ######....   1%          3    None
 Airstrike                Air            ######....   1%          4    None
 Animate Dead             Necr           N/A          1%          4    None
 Leda's Liquefaction      Hex/Erth       ######....   1%          4    None
 Petrify                  Tmut/Erth      ######..     1%          4    None
 Confuse                  Hex            ####....     3%          3    None
 Gell's Gravitas          Tloc           ####......   3%          3    None
 Ice Form                 Ice/Tmut       #####...     4%          4    None
 Summon Ice Beast         Ice/Summ       #####...     4%          4    None
 Bolt of Draining         Conj/Necr      ######....   1%          5    None
 Bolt of Magma            Conj/Fire/Erth #######...   1%          5    None
 Lightning Bolt           Conj/Air       ######....   1%          5    None
 Venom Bolt               Conj/Pois      ######....   1%          5    None
 Yara's Violent Unravell  Hex/Tmut       #####.....   3%          5    None
 Agony                    Necr           ######..     4%          5    None
 Aura of Abjuration       Summ           ######....   4%          5    None
 Blade Hands              Tmut           ######....   4%          5    None
 Dispel Undead            Necr           ######..     4%          5    None
 Excruciating Wounds      Chrm/Necr      ######....   4%          5    None
 Summon Demon             Summ           ######....   4%          5    None
 Orb of Destruction       Conj           #######...   4%          7    None
 Statue Form              Tmut/Erth      ######...    9%          6    None
 Summon Forest            Summ/Tloc      #####.....   12%         5    None
 Summon Mana Viper        Hex/Summ       #####...     12%         5    None
 Spellforged Servitor     Conj/Summ      ######....   12%         7    None
 Hydra Form               Tmut           ######....   22%         6    None
 Shadow Creatures         Summ           N/A          22%         6    None
 Metabolic Englaciation   Hex/Ice        ####......   32%         5    None
 Monstrous Menagerie      Summ           ######....   77%         7    None
 Summon Greater Demon     Summ           ######....   77%         7    None
 Summon Hydra             Summ           ######....   77%         7    None
 Malign Gateway           Summ/Tloc      #####.....   98%         7    None
 Summon Horrible Things   Summ           ######....   100%        8    None
 Tornado                  Air            ######....   100%        9    None


Dungeon Overview and Level Annotations

Branches:
Dungeon (15/15)            Temple (1/1) D:4            Lair (6/6) D:8
 Shoals (4/4) Lair:2       Spider (4/4) Lair:4        Slime (0/5) Lair:5
    Orc (2/2) D:11            Elf (1/3) Orc:2        Vaults (2/5) D:13
 Depths (0/5) D:15          Sewer (visited)
  Crypt: Vaults:2-3

Altars:
Ashenzari
Cheibriados
Dithmenos
Elyvilon
Fedhas
Gozag
Hepliaklqana
Kikubaaqudgha
Makhleb
Nemelex Xobeh
Okawaru
Qazlal
Ru
Sif Muna
Trog
Uskayaw
Vehumet
Wu Jian
Xom
Yredelemnul
Zin
The Shining One

Shops:
D:14 [   Orc:2 %:*[(   Shoals:1 =   Shoals:3 ([[

Annotations:
D:6 Harold
D:8 2 runed translucent doors, Zing's ghost, novice GrEE
D:15 Roxanne
Shoals:3 2 transporters


Message History

The deep elf archer wields a +0 shortbow.
The deep elf archer shoots an arrow.
The arrow hits your battlesphere!!
The yaktaur wields a +0 arbalest.
The yaktaur shoots a bolt.
The bolt hits you.
Casting: Ignition (safe; 1% risk of failure)
Confirm with . or Enter, or press ? or * to list all spells.
You don't have enough magic to cast that spell.
The yaktaur captain shouts!
The yaktaur captain wields a +0 arbalest.
The yaktaur captain shoots a bolt.
The bolt completely misses you.
The yaktaur shoots a bolt.
You block the bolt.
Things that are here:
2 bolts; 15 stones
Casting: Ignition (safe; 1% risk of failure)
Confirm with . or Enter, or press ? or * to list all spells.
You don't have enough magic to cast that spell.
The yaktaur shoots a bolt.
The bolt hits you!
The yaktaur shoots a bolt.
The bolt hits you!!
* * * LOW HITPOINT WARNING * * *
The yaktaur captain shoots a bolt.
The bolt hits you!!
You die...

.#...#.#.#
#.#.#.#.##
########.# #
#.######## #
##.##..$..#### #
#..###.....#.# #
##.# ....#...###
#.## #....<..#
##!######)@..(##
#)###.#.#*.....#
#.#e)...((..(.#..#
#####.....8##..)c#
#.......##c.c'
#......## .c.'.
##......# .#.#.
##....## ## #++###


You could see a yaktaur captain, 3 yaktaurs, a friendly lightning spire and a
friendly battlesphere.

Vanquished Creatures
  A kraken (Shoals:3)
  Frances (D:12)
  Agnes (Spider:4)
  Kirke (D:15)
  Donald (Spider:3)
  2 orc warlords
  3 deep elf sorcerers (Elf:1)
  4 ghost moths (Spider:4)
  3 ironheart preservers (Vaults:1)
  5 emperor scorpions
  Nessos (D:12)
  4 entropy weavers
  Azrael (D:13)
  5 spark wasps
  4 deep elf death magi (Elf:1)
  6 merfolk javelineers
  11 merfolk impalers
  2 fire dragons (Vaults:1)
  Josephine (D:15)
  2 yaktaur captains
  3 catoblepae (Lair:6)
  A rakshasa (Vaults:1)
  5 hydras
  4 vault guards (D:13)
  4 centaur warriors
  8 merfolk avatars
  An ice dragon (Vaults:1)
  11 two-headed ogres
  Erica (D:9)
  An alligator snapping turtle (Shoals:4)
  A satyr (Shoals:4)
  3 merfolk aquamancers
  4 ogre magi
  13 death yaks
  A queen ant (Spider:2)
  4 orc high priests (Orc:2)
  A skeletal warrior (D:14)
  2 deep elf knights (Elf:1)
  7 unseen horrors
  13 sea snakes
  An entropy weaver zombie (Spider:3)
  A glowing orange brain (Vaults:1)
  A flayed ghost (Vaults:1)
  2 deep elf archers
  An ironbrand convoker (Vaults:1)
  Pikel (D:8)
  A lindwurm (Lair:5)
  7 orc knights
  20 orb spiders
  9 deep elf magi
  26 harpies
  4 orc sorcerers
  24 wolf spiders
  4 cyclopes
  2 wolf spider zombies (Spider:3)
  8 fauns
  21 ugly things
  2 oklob plants (Lair:4)
  14 manticores
  A moth of wrath (Spider:3)
  5 centaur zombies
  6 water nymphs
  3 black mambas
  12 merfolk sirens
  Maurice (D:13)
  Joseph (D:8)
  2 vault sentinels (Vaults:1)
  7 elephants
  10 spiny frogs
  3 torpor snails
  2 gargoyles
  3 rime drakes
  2 freezing wraiths (Vaults:1)
  12 demonic crawlers
  A tengu conjurer (D:13)
  8 yaktaurs
  A kobold demonologist (D:15)
  9 komodo dragons
  A queen bee (D:13)
  4 meliai
  6 wind drakes
  A polar bear (Lair:2)
  A wind drake (shapeshifter) (D:14)
  28 jumping spiders
  10 hornets
  33 merfolk
  24 slime creatures
  12 blink frogs
  4 trolls
  A moth of wrath zombie (Spider:3)
  13 hippogriffs
  A jumping spider zombie (Spider:3)
  6 snapping turtles
  15 dream sheep
  2 tarantella zombies (Spider:3)
  A centaur simulacrum (D:15)
  75 redbacks
  6 wraiths
  24 tarantellas
  37 yaks
  2 shadows
  10 water elementals
  A yak (shapeshifter) (D:15)
  4 fire elementals
  4 hogs (D:15)
  5 wyverns
  A golden eye (shapeshifter) (D:13)
  A human (D:13)
  3 vampire mosquitoes
  A hungry ghost (D:9)
  6 basilisks
  2 wargs (Vaults:1)
  8 soldier ants
  2 acid dragons
  A hell hound (D:12)
  2 small abominations (Spider:3)
  An orb spider zombie (Spider:3)
  A swamp drake (D:11)
  9 water moccasins
  8 porcupines
  6 sky beasts
  2 hornet zombies
  5 ice beasts
  A black bear (D:10)
  2 slaves (D:8)
  41 orc warriors
  5 boggarts (D:15)
  13 ogres
  4 phantoms
  8 centaurs
  3 eyes of draining
  4 wolves (Lair:6)
  2 torpor snail zombies (Spider:3)
  8 crocodiles
  3 big kobolds
  11 bullfrogs
  An earth elemental (Elf:1)
  2 wyvern skeletons
  12 scorpions
  An orc simulacrum (Vaults:1)
  27 killer bees
  A howler monkey (D:13)
  2 electric eels
  6 crimson imps
  2 bullfrog zombies (D:11)
  A bullfrog skeleton (D:6)
  10 hounds
  8 jellies
  A quasit (D:10)
  32 orc priests
  7 centaur skeletons
  5 iguanas
  30 orc wizards
  38 worker ants
  2 hound zombies
  2 hound skeletons
  A mummy (D:14)
  A howler monkey zombie (D:5)
  2 worker ant zombies
  4 gnolls (D:3)
  14 adders
  4 river rats (Sewer)
  2 shadow imps
  4 worms
  2 leopard geckos
  89 orcs
  12 ball pythons
  4 bats
  5 giant cockroaches
  7 goblins
  9 hobgoblins
  9 jackals
  27 kobolds
  2 quokkas
  A ball python zombie (D:6)
  6 frilled lizards
  A jackal zombie (D:7)
  A quokka skeleton (D:6)
  A quokka zombie (D:5)
  32 rats
  16 crawling corpses (Spider:3)
  3 fungi
  8 plants
1337 creatures vanquished.

Vanquished Creatures (collateral kills)
  Louise (Spider:1)
  A deep elf sorcerer (Elf:1)
  A merfolk javelineer (Shoals:4)
  A merfolk avatar (Shoals:1)
  A centaur warrior (D:13)
  A two-headed ogre (D:15)
  A death yak (Lair:3)
  2 sea snakes (Shoals:4)
  2 wolf spiders (Spider:4)
  3 deep elf magi
  An ugly thing (D:15)
  A manticore (Shoals:2)
  A troll (Orc:2)
  3 redbacks (Spider:1)
  2 tarantellas (Spider:4)
  2 wargs (Orc:2)
  2 soldier ants (Spider:2)
  An ogre (Orc:2)
  A centaur (D:15)
  An orc wizard (Orc:2)
  4 worker ants
  3 orcs
36 creatures vanquished.

Vanquished Creatures (others)
  Nikola (Lair:4)
  A redback (Spider:1)
  2 tarantellas (Spider:1)
  18 bushes (D:15)
  11 fungi
  21 plants
  4 tentacles (Shoals:3)
  A withered plant (D:14)
59 creatures vanquished.

Grand Total: 1432 creatures vanquished

Notes
Turn   | Place    | Note
-------+----------+-------------------------------------------
     0 | D:1      | Gruesph the Deep Elf Fire Elementalist began the quest for
                  | the Orb.
     0 | D:1      | Reached XP level 1. HP: 10/10 MP: 6/6
   248 | D:1      | Reached XP level 2. HP: 15/15 MP: 5/8
  1049 | D:1      | Learned a level 2 spell: Throw Flame
  1310 | D:2      | Reached XP level 3. HP: 13/19 MP: 6/10
  1646 | D:2      | Learned a level 3 spell: Conjure Flame
  1691 | D:2      | Reached XP level 4. HP: 24/24 MP: 4/12
  1778 | D:2      | Noticed a phantom
  1790 | D:2      | Killed a phantom
  1790 | D:2      | Reached XP level 5. HP: 18/28 MP: 5/14
  2366 | D:3      | Reached skill level 5 in Spellcasting
  2372 | D:3      | Learned a level 4 spell: Sticky Flame
  2399 | D:3      | Found a sparkling altar of Nemelex Xobeh.
  2731 | D:3      | Found a stormy altar of Qazlal.
  3135 | D:3      | Found a faded altar of an unknown god.
  3559 | D:4      | Found a staircase to the Ecumenical Temple.
  3564 | D:4      | Reached skill level 5 in Fire Magic
  3564 | D:4      | Reached XP level 6. HP: 33/33 MP: 10/15
  3573 | Temple   | Entered the Ecumenical Temple
  3796 | Temple   | Became a worshipper of Vehumet
  3864 | D:4      | Learned a level 5 spell: Fireball
  3946 | D:4      | Found a shattered altar of Ashenzari.
  4075 | D:4      | Reached skill level 1 in Fighting
  4841 | D:4      | Found a bloodstained altar of Trog.
  5173 | D:5      | Entered Level 5 of the Dungeon
  5198 | D:5      | Found a basalt altar of Yredelemnul.
  5291 | D:5      | Reached XP level 7. HP: 39/39 MP: 9/16
  5588 | D:5      | Found a glowing drain.
  5592 | Sewer    | Entered a sewer
  5642 | Sewer    | Reached * piety under Vehumet
  5642 | Sewer    | Offered knowledge of Magic Dart by Vehumet.
  5648 | Sewer    | Learned a level 1 spell: Magic Dart
  6190 | Sewer    | Reached ** piety under Vehumet
  6193 | Sewer    | Offered knowledge of Sandblast by Vehumet.
  6459 | Sewer    | Reached skill level 5 in Conjurations
  6849 | D:5      | Found an iron altar of Okawaru.
  7106 | D:5      | Found a hide-covered altar of Uskayaw.
  7432 | D:5      | Found a white marble altar of Elyvilon.
  7773 | D:5      | Reached XP level 8. HP: 45/45 MP: 18/18
  7820 | D:6      | Reached skill level 5 in Dodging
  8633 | D:7      | Noticed Harold
  8675 | D:6      | Paralysed by Harold for 3 turns
  9130 | D:7      | Reached skill level 1 in Evocations
  9674 | D:7      | Offered knowledge of Mephitic Cloud by Vehumet.
  9679 | D:7      | Learned a level 3 spell: Mephitic Cloud
  9831 | D:7      | Reached XP level 9. HP: 49/52 MP: 22/22
  9897 | D:8      | Noticed Pikel
 10066 | D:8      | Noticed Joseph
 10077 | D:8      | Killed Joseph
 10249 | D:8      | Noticed an elephant
 10250 | D:8      | Found a staircase to the Lair.
 10264 | D:8      | Killed an elephant
 10322 | D:8      | Reached *** piety under Vehumet
 10417 | D:8      | Learned a level 2 spell: Sticks to Snakes
 10500 | D:8      | Killed Pikel
 10500 | D:8      | Reached skill level 5 in Fighting
 10592 | D:8      | Found a large runed translucent door.
 10593 | D:8      | Found a large runed translucent door.
 10594 | D:8      | Noticed Zing's ghost (novice GrEE)
 11061 | Lair:1   | Entered Level 1 of the Lair of Beasts
 11090 | Lair:1   | Reached XP level 10. HP: 59/59 MP: 15/24
 11245 | Lair:1   | Noticed a spiny frog
 11258 | Lair:1   | Killed a spiny frog
 11481 | Lair:1   | Reached skill level 5 in Evocations
 11583 | Lair:1   | Noticed a spiny frog
 11593 | Lair:1   | Killed a spiny frog
 11855 | Lair:1   | Reached skill level 10 in Spellcasting
 11884 | Lair:1   | Offered knowledge of Airstrike by Vehumet.
 12117 | Lair:1   | Noticed a spiny frog
 12136 | Lair:1   | Killed a spiny frog
 12359 | Lair:1   | Reached skill level 10 in Fire Magic
 12602 | Lair:1   | Got a smoking shortbow
 12832 | Lair:1   | Lost strength.
 12832 | Lair:1   | Identified the cursed +3 shortbow "Paig Sae" {flame, rElec
                  | rC+ Str-5} (You found it on level 1 of the Lair of Beasts)
 12846 | Lair:1   | Learned a level 5 spell: Iskenderun's Battlesphere
 12994 | Lair:2   | Reached skill level 1 in Charms
 13046 | Lair:2   | Reached skill level 1 in Transmutations
 13046 | Lair:2   | Reached XP level 11. HP: 63/63 MP: 27/27
 13079 | Lair:2   | Found a staircase to the Shoals.
 13083 | Lair:2   | Reached skill level 10 in Conjurations
 13294 | Lair:2   | Reached **** piety under Vehumet
 14199 | Lair:3   | Reached skill level 5 in Charms
 14453 | Lair:3   | Noticed a death yak
 14461 | Lair:3   | Noticed a death yak
 14470 | Lair:3   | Killed a death yak
 14498 | Lair:3   | Killed a death yak
 14498 | Lair:3   | Offered knowledge of Force Lance by Vehumet.
 14615 | Lair:3   | Noticed a death yak
 14621 | Lair:3   | Noticed a death yak
 14623 | Lair:3   | Noticed a death yak
 14626 | Lair:3   | Killed a death yak
 14657 | Lair:2   | Killed a death yak
 14657 | Lair:2   | Reached skill level 5 in Transmutations
 14774 | Lair:2   | Killed a death yak
 15447 | Lair:4   | Found a hole to the Spider Nest.
 15543 | Lair:4   | Reached XP level 12. HP: 70/70 MP: 26/30
 16021 | Lair:4   | Identified Sif Muna's Compendium of Flying Transmigration
 16484 | Lair:5   | Found a staircase to the Slime Pits.
 17636 | Lair:5   | Noticed a death yak
 17638 | Lair:5   | Noticed a death yak
 17645 | Lair:5   | Killed a death yak
 17646 | Lair:5   | Killed a death yak
 17812 | Lair:6   | Entered Level 6 of the Lair of Beasts
 18202 | Lair:6   | Reached ***** piety under Vehumet
 18217 | Lair:6   | Offered knowledge of Bolt of Fire by Vehumet.
 18225 | Lair:6   | Learned a level 6 spell: Bolt of Fire
 18403 | Lair:6   | Noticed a seven-headed hydra
 18406 | Lair:6   | Killed a seven-headed hydra
 18426 | Lair:5   | Reached XP level 13. HP: 50/77 MP: 11/32
 18828 | Lair:6   | Reached skill level 10 in Dodging
 21664 | D:9      | Offered knowledge of Lightning Bolt by Vehumet.
 21670 | D:9      | Noticed Erica
 21673 | D:9      | Killed Erica
 22167 | D:9      | Found a glowing golden altar of the Shining One.
 22306 | D:10     | Entered Level 10 of the Dungeon
 22774 | D:10     | Reached XP level 14. HP: 86/86 MP: 26/34
 22910 | D:10     | Reached skill level 15 in Spellcasting
 24201 | D:11     | Learned a level 4 spell: Summon Lightning Spire
 24474 | D:11     | Found a staircase to the Orcish Mines.
 24574 | D:11     | Reached skill level 1 in Summonings
 24577 | D:11     | Reached skill level 1 in Air Magic
 25729 | D:12     | Offered knowledge of Freezing Cloud by Vehumet.
 25789 | D:12     | Found a white marble altar of Elyvilon.
 25875 | D:12     | Noticed Nessos
 25880 | D:12     | Killed Nessos
 26004 | D:12     | Noticed Frances
 26119 | D:12     | Killed Frances
 26963 | Orc:1    | Entered Level 1 of the Orcish Mines
 27569 | Orc:2    | Entered Level 2 of the Orcish Mines
 27576 | Orc:2    | Noticed an orc warlord
 27737 | Orc:2    | Killed an orc warlord
 27808 | Orc:2    | Noticed an orc warlord
 27825 | Orc:1    | Killed an orc warlord
 28366 | Orc:2    | Offered knowledge of Lee's Rapid Deconstruction by Vehumet.
 28488 | Orc:2    | Reached skill level 5 in Summonings
 28663 | Orc:2    | Found Axason's Food Shoppe.
 28669 | Orc:2    | Reached skill level 10 in Fighting
 28972 | Orc:2    | Found a staircase to the Elven Halls.
 29239 | Orc:2    | Found Qays's General Store.
 29240 | Orc:2    | Found Zieni's Book Shoppe.
 29241 | Orc:2    | Found Arphafopn's Antique Armour Emporium.
 29241 | Orc:2    | Found Zatarali's Antique Weapon Emporium.
 29245 | Orc:2    | Bought an embroidered hat for 161 gold pieces
 29276 | Orc:2    | Bought a potion of curing for 39 gold pieces
 29471 | Orc:2    | Found Axason's Food Shoppe.
 29555 | Orc:2    | Found Qays's General Store.
 29556 | Orc:2    | Found Zieni's Book Shoppe.
 29557 | Orc:2    | Found Arphafopn's Antique Armour Emporium.
 29557 | Orc:2    | Found Zatarali's Antique Weapon Emporium.
 29692 | Orc:2    | Found a staircase to the Elven Halls.
 29894 | Orc:2    | Bought a book of Minor Magic for 220 gold pieces
 29894 | Orc:2    | Bought a manual of Fire Magic for 1214 gold pieces
 29894 | Orc:2    | Bought a book of Air for 385 gold pieces
 29897 | Orc:2    | Learned a level 2 spell: Swiftness
 29900 | Orc:2    | Learned a level 2 spell: Blink
 30058 | D:13     | Reached skill level 5 in Air Magic
 30161 | D:13     | Noticed Azrael
 30870 | D:13     | Reached XP level 15. HP: 92/92 MP: 23/36
 31158 | D:13     | Noticed Maurice
 31162 | D:13     | Killed Maurice
 31162 | D:13     | Offered knowledge of Bolt of Cold by Vehumet.
 31204 | D:13     | Learned a level 6 spell: Iron Shot
 31275 | D:13     | Found a gate to the Vaults.
 31418 | D:12     | Reached skill level 1 in Earth Magic
 31748 | D:13     | Reached ****** piety under Vehumet
 32987 | D:14     | Found Jegoumuu's Antique Armour Boutique.
 33029 | D:14     | Offered knowledge of Ozocubu's Refrigeration by Vehumet.
 33520 | D:14     | Bought a shimmering buckler for 199 gold pieces
 33520 | D:14     | Identified the +2 buckler of Generosity {*Contam +Inv rPois
                  | Stlth+} (You bought it in a shop on level 14 of the
                  | Dungeon)
 33777 | D:13     | Killed Azrael
 34140 | D:15     | Entered Level 15 of the Dungeon
 34186 | D:15     | Noticed Roxanne
 34328 | D:15     | Reached skill level 1 in Shields
 34452 | D:15     | Noticed Josephine
 34467 | D:15     | Killed Josephine
 35173 | D:15     | Found a staircase to the Depths.
 35208 | D:15     | Reached skill level 5 in Earth Magic
 35209 | D:15     | Reached skill level 15 in Fire Magic
 35376 | D:15     | Noticed Kirke
 35384 | D:15     | Killed Kirke
 36045 | Shoals:1 | Entered Level 1 of the Shoals
 36081 | Shoals:1 | Offered knowledge of Conjure Ball Lightning by Vehumet.
 36257 | Shoals:1 | Reached XP level 16. HP: 88/97 MP: 21/38
 37075 | Shoals:1 | Found Lanofi Bewon's Jewellery Emporium.
 37479 | Shoals:2 | Reached skill level 15 in Dodging
 38185 | Shoals:3 | Found Qounai's Antique Armour Shoppe.
 38595 | Shoals:3 | Found Waolitzo's Antique Armour Boutique.
 38724 | Shoals:3 | Found a transporter.
 39037 | Shoals:3 | Found Lireir's Weapon Boutique.
 39189 | Shoals:3 | Offered knowledge of Fire Storm by Vehumet.
 39189 | Shoals:3 | Offered knowledge of Shatter by Vehumet.
 39189 | Shoals:3 | Offered knowledge of Ignition by Vehumet.
 39463 | Shoals:3 | Noticed a kraken
 39473 | Shoals:3 | Killed a kraken
 39622 | Shoals:3 | Found a transporter.
 39759 | Shoals:3 | Bought a heavily jewelled robe for 216 gold pieces
 39759 | Shoals:3 | Identified the +2 robe of the Grue {rN++ rCorr Str+4 Int-2}
                  | (You bought it in a shop on level 3 of the Shoals)
 39767 | Shoals:4 | Entered Level 4 of the Shoals
 40296 | Shoals:4 | Reached XP level 17. HP: 70/104 MP: 18/39
 41197 | Shoals:4 | HP: 5/104 [snapping turtle (26)]
 41200 | Shoals:4 | HP: 1/104 [harpy (5)]
 41867 | Shoals:4 | Got a barnacled rune of Zot
 42658 | Elf:1    | Entered Level 1 of the Elven Halls
 43422 | Spider:1 | Entered Level 1 of the Spider Nest
 44084 | Spider:1 | Identified the cursed -2 pair of gloves of the Maze {Int+2
                  | Dex+4 SInv}
 44084 | Spider:1 | Noticed Nikola
 44394 | Lair:4   | Killed Nikola
 45408 | Spider:1 | Noticed Louise
 45415 | Spider:1 | Killed Louise
 45557 | Spider:1 | Got a bound gossamer ring
 45558 | Spider:1 | Identified the ring "Quhenoog" {-Tele rElec rC+ rN+ MR+}
                  | (You found it on level 1 of the Spider Nest)
 45680 | Spider:1 | Learned a level 3 spell: Regeneration
 45762 | Spider:1 | Reached skill level 1 in Necromancy
 45975 | Spider:2 | Reached skill level 10 in Earth Magic
 46823 | Spider:2 | Reached XP level 18. HP: 112/112 MP: 40/41
 47068 | Spider:3 | Noticed Donald
 47380 | Spider:3 | Killed Donald
 48283 | Spider:3 | Reached skill level 5 in Necromancy
 49557 | Spider:4 | Entered Level 4 of the Spider Nest
 49698 | Spider:4 | Noticed Agnes
 49702 | Spider:4 | Killed Agnes
 50068 | Spider:4 | Learned a level 8 spell: Ignition
 51044 | Spider:4 | Got a gossamer rune of Zot
 51400 | Vaults:1 | Entered Level 1 of the Vaults
 51922 | Vaults:1 | Reached XP level 19. HP: 120/120 MP: 38/44
 53237 | Vaults:1 | Got an iridescent spear
 53238 | Vaults:1 | Identified the +1 spear "Elf's Doom" {pierce, rElec} (You
                  | found it on level 1 of the Vaults)
 53706 | Vaults:2 | Shot with a bolt by a yaktaur captain

Levels and vault maps discovered:
D:1:      giann_wishing_wells, layout_basic
D:2:      layout_basic, first_ration
D:3:      layout_loops_corners, nemelex_xobeh_ov_fountains_minmay,
          grunt_qazlal_clouds, chequers_ecumenical_altar_simple, serial_forest,
          infiniplex_forest_clump_diagonal, infiniplex_forest_straight_3,
          infiniplex_forest_straight_4, infiniplex_forest_corner_2,
          infiniplex_forest_diagonal, infiniplex_forest_3_way,
          infiniplex_forest_straight_4
D:4:      layout_cave_pods, kennysheep_little_box, lightli_temple_of_fire,
          temple_doors_cd
D:5:      layout_loops_corners, okawaru_altar_gauntlet_db, kennysheep_ying_yang,
          marbit_many_paths, gup_sewer_entry_spiral
D:6:      layout_basic, kennysheep_small_square
D:7:      layout_rooms, grunt_ogre_cave, uniq_harold
D:8:      layout_loops_ring, david_lair_generic, ebering_ghost_disaster_area,
          uniq_joseph, uniq_pikel
D:9:      layout_rooms, nicolae_overflow_crystal_walls, uniq_erica
D:10:     layout_loops_corners, special_room [special_room_orc], minmay_radiant
D:11:     layout_irregular_city, erik_orc_1, kennysheep_cluttered_room
D:12:     layout_irregular_city, basic_altar, uniq_frances, uniq_nessos
D:13:     layout_roguey [special_room_bee], grunt_vaults_entry_fortified,
          uniq_maurice, uniq_azrael
D:14:     layout_loops_ring, serial_shops, shop,
          hangedman_abyss_or_decor_passed, serial_undead, serial_undead_e,
          serial_undead_f, serial_undead_e, serial_undead_c
D:15:     grunt_enter_depths_snipers, layout_basic, serial_park_paths
          [serial_park_minivault_5x5_7], uniq_kirke, uniq_roxanne,
          uniq_josephine
Temple:   nicolae_temple_figure_eight
Lair:1:   layout_cave_pods
Lair:2:   layout_regular_city, elwin_shoals_entry_stream, grunt_megastairs_3
Lair:3:   layout_small_grid
Lair:4:   layout_roguey, spider_nest_entry_webs, minmay_lair_oklob_chamber
Lair:5:   layout_cave_pods, minmay_slime_entry_pillars
Lair:6:   evilmike_catoblepas_cave, layout_gridlike, minivault_23, minivault_26
Shoals:1: layout_shoals, minmay_shop_enchanted_jewellery
Shoals:2: layout_shoals, nicolae_shoals_seven_spires
Shoals:3: gammafunk_its_a_trap, layout_shoals, serial_shops, shop, shop, shop
Shoals:4: shoals_end_hangedman, layout_shoals
Spider:1: layout_spider_delve, nicolae_spider_circle_web, nicolae_spider_nook,
          uniq_nikola, uniq_louise
Spider:2: layout_spider_delve, minmay_another_anthill
Spider:3: hangedman_creepy_crawlies, uniq_donald
Spider:4: spider_rune_water, spiders_nest_spider_trap, uniq_agnes
Orc:1:    layout_diamond_mine
Orc:2:    st_orc_congregation, layout_diamond_mine, serial_shops, shop
Elf:1:    minmay_elf_crystal_octagon, layout_geoelf_grid, serial_shops,
          shop_fountains, minivault_28, minmay_misc_feat_rows, uniq_jorgrun
Vaults:1: vaults_mumra_chevron, vaults_standard_mumra_lines,
          hangedman_vaults_unwind, grunt_vaults_swirl, grunt_vaults_twisty,
          nicolae_vaults_mini_display_case, ontoclasm_vaults_misaligned,
          vaults_room_pools, hangedman_vaults_stagger, vaults_dpeg_cross,
          nicolae_vaults_angled_halls, layout_vaults_omnibox
Vaults:2: nicolae_vaults_an_arrangement, ontoclasm_vaults_hangar, v_misc_5,
          vaults_mumra_hexcomb, nicolae_vaults_triangles, grunt_vaults_bifocal,
          hangedman_vaults_restitches, v_misc_25,
          hangedman_vaults_corner_blocks, v_pattern_5,
          ontoclasm_vaults_claustrophobia, vaults_room_ringed_pool,
          serial_ice_h, hangedman_vaults_slice, nicolae_vaults_rhombus_5,
          nicolae_vaults_diagonal_hallway_7, layout_vaults_maze_snakey,
          serial_shops, shop_statue, uniq_asterion

Skill      XL: |  1  2  3  4  5  6  7  8  9 10 11 12 13 14 15 16 17 18 19 |
---------------+----------------------------------------------------------+-----
Conjurations   | 2 3 4 5 6 7 9 10 | 10.0
Spellcasting   | 4 5 7 8 10 12 13 14 15 16 17 19 20 | 20.0
Fire Magic     | 4 5 6 8 10 11 12 13 15 18 19 20 | 20.0
Fighting       | 1 2 4 5 6 7 9 10 11 12 13 14 | 14.0
Dodging        | 4 5 7 9 11 13 14 15 | 15.0
Stealth        | 3 |  3.0
Evocations     | 2 4 5 |  5.0
Charms         | 1 5 |  5.0
Transmutations | 1 5 |  5.1
Summonings     | 5 |  5.0
Air Magic      | 5 |  5.0
Earth Magic    | 5 9 10 | 10.0
Shields        | 3 4 |  4.0
Necromancy     | 3 5 |  5.0

Action                   |  1- 3 |  4- 6 |  7- 9 | 10-12 | 13-15 | 16-18 | 19-21 || total
-------------------------+-------+-------+-------+-------+-------+-------+-------++-------
Melee: Dagger            |     8 |     3 |    11 |       |       |       |       ||    22
       Short sword       |       |     6 |     2 |       |       |       |       ||     8
       Hunting sling     |       |       |       |       |     5 |       |       ||     5
       Staff             |       |       |       |       |       |     6 |       ||     6
 Fire: Hunting sling     |       |       |    57 |    38 |       |       |       ||    95
Throw: Dart              |    14 |     3 |     3 |       |       |       |       ||    20
       Stone             |    45 |    36 |       |       |       |       |       ||    81
 Cast: Flame Tongue      |    57 |    71 |    12 |       |       |       |       ||   140
       Sticky Flame      |       |     6 |    23 |    45 |    57 |    63 |     6 ||   200
       Conjure Flame     |       |     1 |    20 |     2 |     2 |       |       ||    25
       Throw Flame       |       |    12 |    81 |    54 |    30 |    10 |       ||   187
       Magic Dart        |       |       |   152 |   124 |   507 |   290 |    42 ||  1115
       Fireball          |       |       |     7 |    56 |   254 |   368 |    46 ||   731
       Iskenderun's Batt |       |       |       |    35 |   147 |   139 |    15 ||   336
       Sticks to Snakes  |       |       |       |     6 |     1 |    17 |       ||    24
       Mephitic Cloud    |       |       |       |     1 |     3 |     1 |       ||     5
       Bolt of Fire      |       |       |       |       |    45 |    56 |     7 ||   108
       Summon Lightning  |       |       |       |       |    17 |    23 |     4 ||    44
       Blink             |       |       |       |       |     5 |    21 |     1 ||    27
       Swiftness         |       |       |       |       |     3 |     3 |       ||     6
       Iron Shot         |       |       |       |       |     5 |    37 |     4 ||    46
       Regeneration      |       |       |       |       |       |     5 |     1 ||     6
       Ignition          |       |       |       |       |       |    21 |     2 ||    23
 Abil: Evoke Invisibilit |       |       |       |       |       |     1 |       ||     1
Evoke: Wand              |       |       |       |       |     4 |     5 |       ||     9
       Staff of energy   |       |       |       |       |       |     2 |       ||     2
  Use: Scroll            |       |     6 |    10 |    12 |    13 |    13 |     1 ||    55
       Potion            |       |       |     1 |       |     4 |    18 |       ||    23
  Eat: Chunk             |     2 |     3 |     7 |    13 |    34 |    16 |     4 ||    79
       Ration            |       |     3 |     4 |     6 |     9 |     9 |     1 ||    32
Armor: Robe              |     8 |     5 |     7 |       |    33 |    27 |     1 ||    81
       Leather armour    |       |     1 |    17 |    17 |       |       |       ||    35
Dodge: Dodged            |    32 |    20 |    60 |    72 |   184 |   278 |    12 ||   658
Block: Buckler           |       |       |       |       |     8 |   106 |    11 ||   125
